 Dungeon Crawl Stone Soup version 0.21.1-1-g345015f (webtiles) character file.

197120 aMcNicky the Executioner (level 17, 0/168 HPs)
             Began as a Minotaur Fighter on Mar 14, 2018.
             Was the Champion of Ru.
             Slain by an ice devil (11 damage)
             ... summoned by a shadow demon
             ... in a wizard's laboratory on Mar 15, 2018.
             The game lasted 02:17:12 (32435 turns).

aMcNicky the Executioner (Minotaur Fighter)        Turns: 32435, Time: 02:17:13

Health: 0/168      AC: 25    Str: 33    XL:     17   Next: 76%
Magic:  19/19      EV:  9    Int: 11    God:    Ru [******]
Gold:   2893       SH:  0    Dex: 11    Spells: 16/16 levels left

rFire    + . .     SeeInvis .   b - +9 war axe of Causality {venom, Str+4 Int+6}
rCold    + . .     Gourm    .   (shield unavailable)
rNeg     + . .     Faith    .   B - +2 plate armour {rC+}
rPois    .         Spirit   .   (helmet restricted)
rElec    +         Reflect  .   E - +2 cloak {+Inv}
rCorr    +         Harm     .   M - +1 pair of gloves
MR       +....                  X - +0 pair of boots
Stlth    ..........             L - amulet of rage
HPRegen  0.38/turn              (ring unavailable)
MPRegen  0.16/turn              w - ring of Nulofuph {rCorr rElec rF+ rN+ Str+2}

@: corroded, hasted, very quick
A: retaliatory headbutt, horns 2, low mp 1, missing a hand, no stealth, hated by
all, inability to train dodging
}: 1/15 runes: serpentine
a: Draw Out Power, Power Leap, Apocalypse, Renounce Religion, Evoke Berserk
Rage, Evoke Invisibility


You were in a wizard's laboratory.
You worshipped Ru.
Ru was exalted by your worship.
You were not hungry.

You visited 6 branches of the dungeon, and saw 29 of its levels.
You visited 1 bazaar.
You also visited: Labyrinth, Sewer and Wizlab.

You collected 3058 gold pieces.
You spent 165 gold pieces at shops.

Inventory:

Hand Weapons
 a - a +3 war axe of flaming
 b - the +9 war axe of Causality (weapon) {venom, Str+4 Int+6}
   (You found it on level 4 of the Dungeon)

   It poisons the flesh of those it strikes.
   It affects your strength (+4).
   It affects your intelligence (+6).
Armour
 c - +0 shadow dragon scales
 B - a +2 plate armour of cold resistance (worn)
 E - a +2 cloak of invisibility (worn)
 M - a +1 pair of gloves (worn)
 X - a +0 pair of boots (worn)
Jewellery
 t - an uncursed ring of poison resistance
 w - the ring of Nulofuph (right hand) {rCorr rElec rF+ rN+ Str+2}
   (You found it on level 5 of the Lair of Beasts)

   [ring of resist corrosion]

   It affects your strength (+2).
   It protects you from fire.
   It insulates you from electricity.
   It protects you from negative energy.
 x - an uncursed amulet of regeneration
 L - an amulet of rage (around neck)
Wands
 d - a wand of digging (7)
 v - a wand of random effects (17)
 C - a wand of iceblast (73)
 G - a wand of disintegration (26)
 J - a wand of paralysis (26)
 S - a wand of flame (60)
 V - a wand of acid (13)
Scrolls
 i - 17 scrolls of remove curse {@r2}
 j - 2 scrolls of fear
 n - 18 scrolls of teleportation
 q - 3 scrolls of immolation
 s - 4 scrolls of enchant armour
 y - 4 scrolls of amnesia
 D - 7 scrolls of enchant weapon
 I - 4 scrolls of fog
 K - 3 scrolls of blinking
 N - a scroll of summoning
 P - a scroll of torment {unknown}
 Q - a scroll of brand weapon {unknown}
 T - 4 scrolls of magic mapping
 U - 5 scrolls of identify {@r1}
Potions
 e - 4 potions of flight
 h - 2 potions of mutation
 k - a potion of heal wounds
 l - 2 potions of berserk rage
 m - 5 potions of lignification
 o - 2 potions of resistance
 p - 4 potions of curing {@q1}
 r - 2 potions of brilliance
 u - a potion of ambrosia
 z - 2 potions of agility
 H - 2 potions of might
 R - a potion of cancellation
 Y - 2 potions of invisibility
Miscellaneous
 A - a lightning rod (4/4)
Comestibles
 f - 29 rations


   Skills:
 + Level 19.2 Fighting
 * Level 22.3 Axes
 + Level 19.2 Armour
 - Level 7.9 Evocations


You had 16 spell levels left.
You didn't know any spells.

Dungeon Overview and Level Annotations

Branches:
Dungeon (15/15)            Temple (0/1) D:7            Lair (6/6) D:11
 Shoals (1/4) Lair:3        Snake (4/4) Lair:4        Slime (0/5) Lair:5
    Orc (2/2) D:10            Elf (0/3) Orc:2        Vaults (1/5) D:13
 Depths (0/5) D:15

Altars:
Cheibriados
Gozag
Hepliaklqana
Makhleb
Nemelex Xobeh
Okawaru
Qazlal
Ru
Trog
Uskayaw
Vehumet
Wu Jian
Xom
Yredelemnul
The Shining One

Shops:
D:9 }   Orc:2 [*(!   Snake:1 *   Snake:2 [=(

Annotations:
D:4 2 transporters
D:5 Monsterracer's ghost, novice DrWz


Innate Abilities, Weirdness & Mutations

You reflexively headbutt those who attack you in melee.
You have a pair of horns on your head.
Your magical capacity is low. (-10% MP)
You are missing a hand.
You cannot be stealthy.
You are hated by all.
You cannot train Dodging skill.


Message History

You hold your ground!
You focus your will and illuminate the hell beast in retribution!
The tormentor hits you but does no damage. x2
A tormentor comes into view.
You feel yourself speed up.
The tormentor roars!
The hell beast bites you.
* * * LOW HITPOINT WARNING * * *
The hell beast tramples you!
* * * LOW HITPOINT WARNING * * *
You hold your ground!
The hell beast bites you but does no damage.
The hell beast tramples you but does no damage.
The hell beast bites you but does no damage.
The hell beast tramples you but does no damage.
The tormentor is stunned by your will and fails to attack.
The ice devil hits you.
* * * LOW HITPOINT WARNING * * *
The ice devil freezes you! You resist.
You die...

## ########### #.##
#8...∩...8# ....#
#.........# .....
#..##.##..# ......
#.##4..##.#
....5.##..52#....##.
.......3.4#4@2#.....
........353222......
......##.2#43.#..##.
...2. #2.52#....#
.... #.##...##.# ...
#..##.## .# .. ⌠...
... . ##..##4##.
#.## ..


You could see 3 hell beasts, a green death, a sun demon, a shadow demon, a
hellwing, an ice devil, a rust devil, a smoke demon, a hellion, 2 tormentors, a
ynoxinul and 3 ufetubi.

Vanquished Creatures
  Kirke (D:14)
  Gastronok (Lair:1)
  8 nagarajas (Snake:4)
  2 vault wardens (Vaults:1)
  An orc warlord (Orc:1)
  A stone giant (Orc:1)
  The ghost of Gobbopathe the Spry, an adept SpAr of Jiyva (Shoals:1)
  A dire elephant (Lair:6)
  Azrael (D:14)
  A fire dragon (D:15)
  A blizzard demon (WizLab)
  A minotaur (Lab)
  A yaktaur captain (Vaults:1)
  3 vault guards (D:13)
  13 naga warriors
  The ghost of Mirai the Cleaver, a journeyman DsFi of Okawaru (Orc:2)
  A rakshasa (D:15)
  A catoblepas (Lair:6)
  19 anacondas
  An ice dragon (D:15)
  The ghost of TheNamelessOne the Destroyer, a journeyman DsFE of Vehumet (D:9)
  5 hydras
  A merfolk avatar (Shoals:1)
  2 centaur warriors
  24 two-headed ogres
  6 ogre magi
  9 death yaks
  7 shock serpents
  8 naga sharpshooters
  Sonja (Lair:4)
  2 salamander mystics
  3 sea snakes
  An unseen horror (D:15)
  7 naga ritualists
  2 shadow demons (WizLab)
  The ghost of buskinjo the Ogre Mage, a novice OgWz of Gozag (D:7)
  A lindwurm (shapeshifter) (D:13)
  2 lindwurms (Lair:6)
  A harpy (shapeshifter) (D:14)
  Pikel (D:5)
  4 orc sorcerers
  5 mana vipers
  8 orc knights
  2 manticores (Lair:6)
  A deep elf mage (D:12)
  5 cyclopes
  7 ugly things
  2 oklob plants (Snake:2)
  5 salamanders
  Maurice (D:9)
  A rust devil (WizLab)
  11 elephants (Lair:6)
  29 black mambas
  A water nymph (Shoals:1)
  A merfolk siren (Lair:3)
  23 naga magi
  11 spiny frogs
  10 guardian serpents
  A gargoyle (D:13)
  5 centaur skeletons
  A rime drake (Lair:2)
  2 hellions (WizLab)
  3 freezing wraiths
  6 yaktaurs (Vaults:1)
  A kobold demonologist (D:15)
  3 komodo dragons
  A hellwing (WizLab)
  2 tengu conjurers
  4 trolls
  A hornet (Lair:4)
  Prince Ribbit (D:5)
  2 polar bears (Lair:4)
  A merfolk (Shoals:1)
  18 blink frogs
  11 hippogriffs
  5 slime creatures
  2 dream sheep (Lair:6)
  A spriggan (D:8)
  A shadow (D:12)
  A spriggan (shapeshifter) (D:14)
  5 wyverns
  3 humans (D:14)
  2 hogs (D:14)
  A wraith (D:13)
  50 yaks
  4 basilisks
  5 fire elementals (D:14)
  A hungry ghost (D:9)
  Eustachio (D:5)
  A basilisk (shapeshifter) (D:13)
  3 wargs (Orc:2)
  39 nagas
  A naga (shapeshifter) (D:15)
  3 hell hounds (D:14)
  11 water moccasins
  14 porcupines
  A sky beast (D:9)
  3 ice beasts
  4 slaves (D:5)
  33 orc warriors
  10 wolves
  2 phantoms
  31 ogres
  5 boggarts (Vaults:1)
  7 centaurs
  6 crocodiles
  21 bullfrogs
  3 big kobolds
  A wyvern zombie (D:13)
  3 scorpions
  9 killer bees
  5 wights (D:7)
  2 electric eels
  A howler monkey (D:6)
  2 bullfrog zombies
  7 centaur zombies
  A bullfrog skeleton (D:8)
  12 orc priests
  12 hounds
  Crazy Yiuf (D:5)
  6 jellies
  18 orc wizards
  4 iguanas
  Ijyb (D:5)
  15 worker ants
  A hell rat (Lair:6)
  A hound zombie (D:8)
  A howler monkey skeleton (D:6)
  12 adders
  3 shadow imps
  An ooze (D:1)
  An adder zombie (D:8)
  3 worms (D:3)
  A dart slug (D:1)
  7 leopard geckos
  94 orcs
  2 ball pythons (D:1)
  7 giant cockroaches
  5 goblins
  2 hobgoblins
  11 jackals
  A quokka (D:5)
  12 bats
  6 frilled lizards
  A giant cockroach zombie (D:5)
  25 kobolds
  A leopard gecko skeleton (D:5)
  A quokka zombie (D:6)
  7 rats
  6 fungi
  19 plants
946 creatures vanquished.

Vanquished Creatures (others)
  The ghost of troglodite the Carver, a journeyman DsBe of Trog (Lair:3)
  A hydra (Lair:4)
  An anaconda (Snake:4)
  2 two-headed ogres
  A naga sharpshooter (Snake:4)
  A mana viper (Snake:4)
  A centaur zombie (D:12)
  A slime creature (Vaults:1)
  A naga (Snake:3)
  An orc warrior (D:13)
  2 ogres (Orc:2)
  2 bushes (D:15)
  A fungus (Lair:3)
  7 plants
23 creatures vanquished.

Grand Total: 969 creatures vanquished

Notes
Turn   | Place    | Note
-------+----------+-------------------------------------------
     0 | D:1      | aMcNicky the Minotaur Fighter began the quest for the Orb.
     0 | D:1      | Reached XP level 1. HP: 19/19 MP: 0/0
    94 | D:1      | Reached XP level 2. HP: 22/27 MP: 1/1
   789 | D:1      | Reached skill level 3 in Axes
   850 | D:1      | Reached XP level 3. HP: 33/33 MP: 2/2
  1217 | D:2      | Found a sacrificial altar of Ru.
  1222 | D:2      | Became a worshipper of Ru the Awakened
  1456 | D:2      | Found an iron altar of Okawaru.
  1475 | D:2      | Found a shimmering altar of Xom.
  1620 | D:2      | Reached XP level 4. HP: 40/41 MP: 3/3
  2163 | D:3      | Reached skill level 4 in Axes
  2241 | D:3      | Gained mutation: Your magical capacity is low. (-10% MP) [Ru sacrifice]
  2349 | D:3      | Found a faded altar of an unknown god.
  2540 | D:3      | Found a radiant altar of Vehumet.
  2571 | D:3      | Reached XP level 5. HP: 16/47 MP: 3/3
  2981 | D:4      | Noticed an ogre
  2998 | D:4      | Killed an ogre
  2998 | D:4      | Reached skill level 5 in Fighting
  2998 | D:4      | Reached skill level 5 in Axes
  3036 | D:4      | Reached skill level 5 in Armour
  3048 | D:4      | Got a twisted war axe
  3059 | D:4      | Identified the +9 war axe of Causality {venom, Str+4 Int+6} (You found it on level 4 of the Dungeon)
  3098 | D:4      | Found a transporter.
  3102 | D:4      | Found a transporter.
  3102 | D:4      | Noticed a black bear
  3103 | D:4      | Noticed a centaur warrior
  3113 | D:4      | Reached XP level 6. HP: 56/56 MP: 4/4
  3270 | D:4      | Found a hide-covered altar of Uskayaw.
  3350 | D:4      | Reached skill level 6 in Axes
  3462 | D:4      | Found an opulent altar of Gozag.
  3808 | D:5      | Entered Level 5 of the Dungeon
  3835 | D:5      | Noticed a slave
  3836 | D:5      | Noticed a slave
  3836 | D:5      | Noticed a slave
  3837 | D:5      | Noticed Pikel
  3849 | D:5      | Noticed a slave
  3860 | D:5      | Killed a slave
  3866 | D:5      | Reached XP level 7. HP: 60/62 MP: 5/5
  3893 | D:5      | Killed Pikel
  3893 | D:5      | Reached skill level 7 in Axes
  3947 | D:5      | Found a sparkling altar of Nemelex Xobeh.
  4002 | D:5      | Gained mutation: You cannot be stealthy. [Ru sacrifice]
  4002 | D:5      | Reached * piety under Ru
  4023 | D:5      | Noticed Prince Ribbit
  4038 | D:5      | Killed Prince Ribbit
  4038 | D:5      | Reached skill level 8 in Axes
  4038 | D:5      | Reached XP level 8. HP: 38/71 MP: 6/6
  4040 | D:5      | Noticed Monsterracer's ghost (novice DrWz)
  4120 | D:5      | Noticed Ijyb
  4125 | D:5      | Killed Ijyb
  4231 | D:5      | Noticed Eustachio
  4249 | D:5      | Killed Eustachio
  4305 | D:5      | Reached skill level 9 in Axes
  4368 | D:5      | Found a runed door.
  4372 | D:5      | Noticed Crazy Yiuf
  4375 | D:5      | Killed Crazy Yiuf
  4464 | D:6      | Found a basalt altar of Yredelemnul.
  4518 | D:6      | Noticed a hippogriff
  4523 | D:6      | Killed a hippogriff
  4524 | D:6      | Found a bloodstained altar of Trog.
  4634 | D:6      | Reached skill level 10 in Axes
  4670 | D:6      | Reached XP level 9. HP: 81/81 MP: 7/7
  4688 | D:6      | Found a glowing drain.
  4726 | Sewer    | Entered a sewer
  5203 | D:6      | Found a stormy altar of Qazlal.
  5668 | D:7      | Gained mutation: You are missing a hand. [Ru sacrifice]
  5668 | D:7      | Reached ** piety under Ru
  5668 | D:7      | Reached *** piety under Ru
  5668 | D:7      | Reached **** piety under Ru
  5676 | D:7      | Noticed buskinjo's ghost (novice OgWz)
  5691 | D:7      | Killed buskinjo's ghost
  5691 | D:7      | Reached skill level 11 in Axes
  5826 | D:7      | Found a staircase to the Ecumenical Temple.
  5967 | D:7      | Found a glowing golden altar of the Shining One.
  6104 | D:8      | Found a snail-covered altar of Cheibriados.
  6824 | D:9      | Reached skill level 12 in Axes
  6849 | D:9      | Reached XP level 10. HP: 91/91 MP: 8/8
  6975 | D:9      | Noticed Maurice
  6988 | D:9      | Killed Maurice
  6988 | D:9      | Reached skill level 10 in Fighting
  7009 | D:9      | Noticed a two-headed ogre
  7012 | D:9      | Killed a two-headed ogre
  7012 | D:9      | Reached skill level 13 in Axes
  7012 | D:9      | Reached skill level 10 in Armour
  7076 | D:9      | Noticed TheNamelessOne's ghost (journeyman DsFE)
  7101 | D:9      | Killed TheNamelessOne's ghost
  7361 | D:9      | Gained mutation: You are hated by all. [Ru sacrifice]
  7361 | D:9      | Reached ***** piety under Ru
  7507 | D:9      | Found Fakk's Gadget Shoppe.
  7615 | D:9      | Found a hazy altar of Hepliaklqana.
  7735 | D:10     | Entered Level 10 of the Dungeon
  8100 | D:10     | Reached XP level 11. HP: 101/101 MP: 8/8
  8112 | D:10     | Reached skill level 14 in Axes
  8439 | D:10     | Found a staircase to the Orcish Mines.
  9056 | D:11     | Reached skill level 15 in Axes
  9296 | D:11     | Found a staircase to the Lair.
  9430 | Lair:1   | Entered Level 1 of the Lair of Beasts
  9468 | Lair:1   | Noticed an eight-headed hydra
  9477 | Lair:1   | Killed a 12-headed hydra
  9779 | Lair:1   | Noticed Gastronok
  9786 | Lair:1   | Killed Gastronok
  9786 | Lair:1   | Reached skill level 16 in Axes
  9786 | Lair:1   | Reached XP level 12. HP: 97/112 MP: 3/9
 10051 | Lair:1   | Noticed a seven-headed hydra
 10060 | Lair:1   | Killed an 11-headed hydra
 10711 | Lair:2   | Noticed a four-headed hydra
 10729 | Lair:2   | Killed a seven-headed hydra
 11851 | Lair:3   | Noticed troglodite's ghost (journeyman DsBe)
 12255 | Lair:3   | Reached skill level 1 in Evocations
 12665 | Orc:1    | Entered Level 1 of the Orcish Mines
 12669 | D:10     | Paralysed by an orc sorcerer for 3 turns
 12945 | Orc:1    | Noticed a stone giant
 13279 | Orc:1    | Killed a stone giant
 13759 | Orc:1    | Found a burning altar of Makhleb.
 13976 | Orc:2    | Entered Level 2 of the Orcish Mines
 13993 | Orc:2    | Reached XP level 13. HP: 124/124 MP: 13/13
 14007 | Orc:2    | Found a staircase to the Elven Halls.
 14365 | Orc:2    | Noticed Mirai's ghost (journeyman DsFi)
 14388 | Orc:2    | Killed Mirai's ghost
 14432 | Orc:2    | Reached skill level 5 in Evocations
 14517 | Orc:2    | Reached skill level 15 in Fighting
 14708 | Orc:2    | Reached skill level 15 in Armour
 14957 | Orc:2    | Found Aciuveh's Weapon Emporium.
 14957 | Orc:2    | Found Kemirgh's Armour Boutique.
 14957 | Orc:2    | Found Doos's Distillery.
 14957 | Orc:2    | Found Kixkip's General Store.
 15070 | Orc:2    | Noticed an orc warlord
 15246 | Orc:1    | Killed an orc warlord
 15884 | Lair:3   | Found a staircase to the Shoals.
 15945 | Lair:3   | Killed troglodite's ghost
 15945 | Lair:3   | Reached XP level 14. HP: 67/135 MP: 12/16
 16517 | Lair:4   | Found a staircase to the Snake Pit.
 16813 | Lair:4   | Noticed Sonja
 16844 | Lair:4   | Killed Sonja
 17093 | Lair:4   | Gained mutation: You cannot train Dodging skill. [Ru sacrifice]
 17093 | Lair:4   | Reached ****** piety under Ru
 18057 | Lair:5   | Got a glittering bronze ring
 18059 | Lair:5   | Identified the ring of Nulofuph {rCorr rElec rF+ rN+ Str+2} (You found it on level 5 of the Lair of Beasts)
 18076 | Lair:5   | Found a staircase to the Slime Pits.
 18811 | Lair:6   | Entered Level 6 of the Lair of Beasts
 19381 | Lair:6   | Reached skill level 17 in Axes
 20534 | Snake:1  | Entered Level 1 of the Snake Pit
 20717 | Snake:1  | Reached XP level 15. HP: 121/145 MP: 17/17
 21110 | Snake:1  | Found Ithis's General Store.
 21312 | Snake:1  | Reached skill level 18 in Axes
 21945 | Snake:2  | Found Cahuir's Antique Weapon Shoppe.
 21947 | Snake:2  | Found Pakkazxu's Jewellery Emporium.
 21949 | Snake:2  | Found Nolyv's Armour Shoppe.
 23136 | Snake:3  | Reached skill level 19 in Axes
 23637 | Snake:4  | Entered Level 4 of the Snake Pit
 24283 | Snake:4  | Reached XP level 16. HP: 147/155 MP: 18/18
 24489 | Snake:4  | Reached skill level 20 in Axes
 25959 | Snake:4  | Got a serpentine rune of Zot
 26604 | D:12     | Reached skill level 21 in Axes
 26673 | D:12     | Found a labyrinth entrance.
 26869 | Lab      | Entered a labyrinth
 27456 | D:12     | Found a flickering gateway to a bazaar.
 27465 | Bazaar   | Entered a bazaar
 27465 | Bazaar   | Found Rahicuclogg's Antique Weapon Shoppe.
 27465 | Bazaar   | Found Fonkecog's Assorted Antiques.
 27465 | Bazaar   | Found Namalopp's Magic Scroll Emporium.
 27465 | Bazaar   | Found Subuishu's General Store.
 27489 | Bazaar   | Bought a flickering bronze ring for 165 gold pieces
 27490 | Bazaar   | Identified the ring "Atinteq" {rC- AC+2 Str+2 Dex+2} (You bought it in a shop in a bazaar)
 27830 | D:13     | Reached XP level 17. HP: 165/166 MP: 19/19
 28078 | D:13     | Paralysed by an orc sorcerer for 6 turns
 28201 | D:13     | Found a gate to the Vaults.
 28737 | D:14     | Found an ornate altar of the Wu Jian Council.
 28937 | D:14     | Noticed Azrael
 28970 | D:14     | Killed Azrael
 29124 | D:14     | Noticed Kirke
 29184 | D:14     | Killed Kirke
 29496 | D:15     | Entered Level 15 of the Dungeon
 30266 | D:15     | Found a staircase to the Depths.
 30783 | Shoals:1 | Entered Level 1 of the Shoals
 30805 | Shoals:1 | Noticed Gobbopathe's ghost (adept SpAr)
 31140 | Shoals:1 | Killed Gobbopathe's ghost
 31489 | Vaults:1 | Entered Level 1 of the Vaults
 31501 | Vaults:1 | Reached skill level 22 in Axes
 32163 | Vaults:1 | Found a magical portal.
 32287 | WizLab   | Entered The Hall of the Hellbinder
 32435 | WizLab   | Slain by an ice devil

Skill      XL: |  1  2  3  4  5  6  7  8  9 10 11 12 13 14 15 16 17 |
---------------+----------------------------------------------------+-----
Fighting       | 4 5 6 7 9 10 12 14 15 16 17 18 19 | 19.2
Shields        | 4 0 |  0.0
Armour         | 4 5 6 7 9 10 12 13 15 16 17 18 19 | 19.2
Axes           | 3 4 5 6 8 10 12 13 16 17 19 21 22 | 22.3
Evocations     | 3 6 7 |  7.9

Action                   |  1- 3 |  4- 6 |  7- 9 | 10-12 | 13-15 | 16-18 || total
-------------------------+-------+-------+-------+-------+-------+-------++-------
Melee: War axe           |    90 |   102 |   219 |   468 |   888 |   822 ||  2589
       Headbutt          |     9 |    16 |    31 |   105 |   257 |   211 ||   629
       Unarmed           |       |       |       |       |       |     6 ||     6
Throw: Tomahawk          |       |     2 |       |       |       |       ||     2
       Javelin           |       |       |       |     3 |       |     2 ||     5
Invok: Sacrifice Essence |       |     1 |       |       |       |       ||     1
       Sacrifice Stealth |       |       |     1 |       |       |       ||     1
       Power Leap        |       |       |     1 |     5 |     2 |     3 ||    11
       Sacrifice a Hand  |       |       |     1 |       |       |       ||     1
       Sacrifice Love    |       |       |       |     1 |       |       ||     1
       Reject Sacrifices |       |       |       |     1 |       |       ||     1
       Sacrifice Nimblen |       |       |       |       |     1 |       ||     1
       Draw Out Power    |       |       |       |       |       |     1 ||     1
  Use: Scroll            |     1 |     4 |     5 |    11 |     5 |    14 ||    40
       Potion            |       |     1 |       |     1 |     8 |     7 ||    17
 Stab: Invisible         |       |       |       |     8 |    12 |    10 ||    30
       Distracted        |       |       |       |     2 |     4 |     4 ||    10
       Paralysed         |       |       |       |     1 |     8 |     5 ||    14
       Petrified         |       |       |       |       |     1 |       ||     1
  Eat: Chunk             |     2 |     4 |    10 |    10 |    15 |     9 ||    50
       Ration            |       |     1 |       |     4 |     6 |     5 ||    16
Armor: Scale mail        |    47 |    28 |       |       |       |       ||    75
       Plate armour      |       |    15 |   101 |   229 |   392 |   465 ||  1202
Dodge: Dodged            |    38 |    22 |    37 |   126 |   195 |   233 ||   651
Block: Shield            |    65 |    50 |    51 |       |       |       ||   166
